 Dungeon Crawl Stone Soup version 0.17-a0-1497-g03599f7 (webtiles) character file.

16 mrath the Magician (level 2, -2/17 HPs)
             Began as a High Elf Wizard on July 6, 2015.
             Slain by a worm (11 damage)
             ... on level 2 of the Dungeon.
             The game lasted 00:13:16 (927 turns).

mrath the Magician (High Elf Wizard)                 Turns: 927, Time: 00:13:16

Health: -2/17      AC:  2    Str:  6    XL:     2   Next: 41%
Magic:  1/8        EV: 12    Int: 21    God:
Gold:   41         SH:  0    Dex: 13    Spells: 5 memorised, 0 levels left

rFire  . . .     SeeInvis .     g - +0 short sword
rCold  . . .     Clarity  .     a - +0 robe
rNeg   . . .     SustAt   .     (no shield)
rPois  .         Gourm    .     b - +0 hat
rElec  .         Spirit   .     (no cloak)
rCorr  .         Warding  .     (no gloves)
rMut   .         Stasis   .     (no boots)
MR     .....                    (no amulet)
Stlth  ++........               (no ring)
                                (no ring)

@: not resistant to hostile enchantments, unstealthy
A: no striking features
a: no special abilities


You were on level 2 of the Dungeon.
You were not hungry.

You visited 1 branch of the dungeon, and saw 2 of its levels.

You collected 41 gold pieces.

Inventory:

Hand weapons
 e - a +0 club
 g - a +0 short sword (weapon)
 l - a +0 hunting sling
Missiles
 h - 2 stones (quivered)
 i - 13 arrows of frost
Armour
 a - a +0 robe (worn)
 b - a +0 hat (worn)
Jewellery
 f - an uncursed amulet of guardian spirit {unknown}
Potions
 k - a potion of might {unknown}
Books
 c - a book of Minor Magic

   Spells                             Type                      Level
   a - Magic Dart                     Conjuration                  1
   b - Blink                          Translocation                2
   c - Call Imp                       Summoning                    2
   d - Repel Missiles                 Charms/Air                   2
   e - Slow                           Hexes                        2
   f - Conjure Flame                  Conjuration/Fire             3
   g - Mephitic Cloud                 Conjuration/Poison/Air       3
Comestibles
 d - a bread ration
 j - 2 chunks of flesh


   Skills:
 + Level 2.3 Dodging
 + Level 2.1 Stealth
 + Level 4.3 Spellcasting
 + Level 1.2 Conjurations
 + Level 0.8 Summonings
 + Level 1.1 Translocations


You couldn't memorise any spells.
You knew the following spells:

 Your Spells              Type           Power        Failure   Level  Hunger
a - Magic Dart            Conj           #...         10%         1    None
b - Call Imp              Summ           #.......     14%         2    #......
c - Slow                  Hex            #.......     17%         2    #......
d - Repel Missiles        Chrm/Air       #.....       17%         2    #......
e - Blink                 Tloc           N/A          12%         2    #......


Dungeon Overview and Level Annotations

Branches:
Dungeon (2/15)

Altars:
Elyvilon


Message History

Aim: a worm The magic dart hits the worm.
The worm is lightly wounded.
Casting: Magic Dart
Confirm with . or Enter, or press ? or * to list all spells.
Aiming: Magic Dart
Press: ? - help, Shift-Dir - straight line, f/p - worm
Aim: a worm (lightly wounded)
The magic dart hits the worm.
The worm is lightly wounded.
You hit the worm.
The worm is heavily wounded.
The worm barely misses you.
You hit the worm.
The worm is heavily wounded.
You hit the worm.
The worm is almost dead.
The worm bites you!
Ouch! That really hurt!
You die...

..###### #...♣._.♣...##
....$..# #..........##
.......# #.#≈..♣r.≈##
.......######.#≈≈...≈≈#
............#.###...###
.........(..#....+....#
#...........#.J..#....# #
#######.$...####.#....###.#
#.....# #@#........#
#.....####w#####.####
###...)w...# #.# ##########
#.# ###### #.# #....<
#.#####.#### #.......#
#######..... #.####


You could see a worm.

Vanquished Creatures
  4 bats
  4 goblins
  3 hobgoblins
  3 kobolds
  A rat (D:2)
15 creatures vanquished.

Vanquished Creatures (others)
  A rat (D:2)
1 creature vanquished.

Grand Total: 16 creatures vanquished

Notes
Turn   | Place    | Note
--------------------------------------------------------------
     0 | D:1      | mrath the High Elf Wizard began the quest for the Orb.
     0 | D:1      | Reached XP level 1. HP: 11/11 MP: 6/6
   292 | D:1      | Reached skill level 4 in Spellcasting
   526 | D:1      | Reached XP level 2. HP: 12/17 MP: 1/8
   620 | D:1      | Learned a level 2 spell: Call Imp
   623 | D:1      | Learned a level 2 spell: Slow
   626 | D:1      | Learned a level 2 spell: Repel Missiles
   629 | D:1      | Learned a level 2 spell: Blink
   837 | D:2      | Found a white marble altar of Elyvilon.
   927 | D:2      | Slain by a worm

Vault maps used:
D:1:      saegor_arrival_miasma, minmay_misc_feat_cross
D:2:      lemuel_crystal_altar, old_standard_altar, elyvilon_altar_4,
          first_bread

Action                   || total
-------------------------++-------
Melee: Club              ||    10
       Short sword       ||    13
 Cast: Magic Dart        ||    37
  Use: Scroll            ||     1
 Stab: Sleeping          ||     1
